 Dungeon Crawl Stone Soup version 0.26-a0-710-g95a0c6c400 (webtiles) character file.

Game seed: 366048006686271783

2799 Gargoyl the Fighter (level 9, -1/74 HPs)
             Began as a Gnoll Abyssal Knight on Oct 30, 2020.
             Was an Elder of Lugonu.
             Slain by a manticore (2 damage)
             ... on level 7 of the Dungeon.
             The game lasted 00:09:22 (6499 turns).

Gargoyl the Fighter (Gnoll Abyssal Knight)          Turns: 6499, Time: 00:09:22

Health: -1/74      AC: 17    Str: 19    XL:     9   Next: 71%
Magic:  15/15      EV: 12    Int: 14    God:    Lugonu [****..]
Gold:   278        SH:  0    Dex: 14    Spells: 17/17 levels left

rFire    + . .     SeeInvis .   c - +2 double sword
rCold    . . .     Faith    .   (no shield)
rNeg     . . .     Spirit   .   j - +0 scale mail
rPois    .         Reflect  .   o - +0 helmet
rElec    .         Harm     .   b - +2 cloak {rCorr}
rCorr    +         Rampage  .   v - +0 pair of gloves
MR       .....                  (no boots)
Stlth    +.........             (no amulet)
HPRegen  0.22/turn              l - ring of protection from fire
MPRegen  0.14/turn              r - +4 ring of protection

@: no status effects
A: distributed training, fangs 1, strong nose
a: Depart the Abyss, Bend Space, Banish, Corrupt, Renounce Religion


You were on level 7 of the Dungeon.
You worshipped Lugonu.
Lugonu was greatly pleased with you.
You visited 1 branch of the dungeon, and saw 8 of its levels.
You visited the Abyss 1 time.

You collected 386 gold pieces.
You spent 108 gold pieces at shops.

Inventory:

Hand Weapons
 a - a +1 hand axe
 c - a +2 double sword (weapon)
 f - a +0 war axe
Missiles
 t - 2 poisoned darts (quivered)
 A - 2 curare-tipped darts
Armour
 b - a +2 cloak of preservation (worn)
 j - a +0 scale mail (worn)
 o - a +0 helmet (worn)
 v - a +0 pair of gloves (worn)
Jewellery
 l - a ring of protection from fire (left hand)
 r - a +4 ring of protection (right hand)
Wands
 h - a wand of paralysis (4)
 y - a wand of flame (15)
Scrolls
 d - a scroll of identify
 e - 8 scrolls of remove curse
 i - 2 scrolls of immolation
 w - a scroll of teleportation
 z - 2 scrolls of blinking
 B - 3 scrolls of fog
Potions
 g - a potion of cancellation
 m - a potion of haste
 n - 3 potions of stabbing
 p - a potion of berserk rage
 q - 2 potions of brilliance {unknown}
 s - a potion of mutation {unknown}
 u - 2 potions of ambrosia
 x - a potion of might {unknown}


   Skills:
 + Level 8.0 Fighting
 + Level 4.5 Short Blades
 + Level 4.5 Long Blades
 + Level 6.5 Axes
 + Level 4.5 Maces & Flails
 + Level 4.5 Polearms
 + Level 4.5 Staves
 + Level 4.5 Slings
 + Level 4.5 Bows
 + Level 4.5 Crossbows
 + Level 4.5 Throwing
 + Level 6.5 Armour
 + Level 5.2 Dodging
 + Level 4.5 Stealth
 + Level 4.5 Shields
 + Level 4.5 Unarmed Combat
 + Level 4.5 Spellcasting
 + Level 3.7 Conjurations
 + Level 3.7 Hexes
 + Level 3.7 Summonings
 + Level 3.7 Necromancy
 + Level 3.7 Translocations
 + Level 3.7 Transmutations
 + Level 3.7 Fire Magic
 + Level 3.7 Ice Magic
 + Level 3.7 Air Magic
 + Level 3.7 Earth Magic
 + Level 3.7 Poison Magic
 + Level 6.8 Invocations
 + Level 4.5 Evocations


You had 17 spell levels left.
You didn't know any spells.
Your spell library contained the following spells:

 Spells                   Type           Power        Failure   Level
 Magic Dart               Conj           ##..         11%         1
 Searing Ray              Conj           ##....       16%         2
 Dazzling Flash           Conj/Hex       ##....       32%         3
 Fulminant Prism          Conj/Hex       ##........   71%         4
 Iskenderun's Mystic Bla  Conj/Tloc      ##......     71%         4


Dungeon Overview and Level Annotations

Branches:
Dungeon (8/15)             Temple (0/1) D:5
   Lair: D:8-11

Altars:
Makhleb
Sif Muna
Trog
Xom
Yredelemnul
The Shining One

Shops:
D:4 [


Innate Abilities, Weirdness & Mutations

Your experience applies equally to all skills.
You have very sharp teeth.
Your uncanny sense of smell can sniff out nearby items.


Message History

The manticore is moderately wounded.
The manticore claws you.
* * * LOW HITPOINT WARNING * * *
The manticore claws you but does no damage.
You feel better. The orc hits you but does no damage. The manticore bites you!!
* * * LOW HITPOINT WARNING * * *
The manticore barely misses you.
The manticore claws you but does no damage.
You feel better.
You carefully extract the barbed spikes from your body.
The orc misses you. The manticore bites you!
* * * LOW HITPOINT WARNING * * *
The manticore claws you but does no damage.
The manticore closely misses you.
You feel better. The manticore bites you.
* * * LOW HITPOINT WARNING * * *
The manticore claws you!
* * * LOW HITPOINT WARNING * * *
The manticore claws you.
You die...

##.# ##..........#..........#
...# #.........#...........#
.### #.........#...........#
.# #####..#....#....###### .#
#........#.##..# ##
#..........###)# #
##.........## #.### #
##..........# #...# #
##.......H@..# ###.# #
#..........o.# #.#
#######...........## #.#
........##........# #.#
..###...#########.# ###.###
...<.....<..####..#####.....#
.....######.................#
..#....####........####.....#
#####.....#........# #.....#


You could see a manticore and an orc.

Vanquished Creatures
  Pikel (D:7)
  A centaur skeleton (D:8)
  2 steam dragons (D:5)
  Menkaure (D:4)
  A water moccasin (D:7)
  An orc warrior (D:7)
  A phantom (D:4)
  An ice beast (D:6)
  2 ogres
  2 centaurs
  A bullfrog (D:7)
  2 scorpions
  3 howler monkeys
  A crimson imp (D:4)
  3 bullfrog zombies
  A jelly (D:7)
  2 hounds
  4 orc priests
  3 orc wizards
  2 iguanas
  Terence (D:3)
  A worker ant (D:6)
  3 hound skeletons
  A gnoll (D:1)
  7 adders
  2 shadow imps
  A white imp (D:7)
  An ufetubus (D:5)
  An ooze (D:3)
  An adder skeleton (D:6)
  A worm (D:3)
  3 leopard geckos (D:4)
  27 orcs
  7 bats
  6 giant cockroaches
  4 goblins
  9 hobgoblins
  8 jackals
  3 quokkas
  2 ball pythons (D:1)
  4 frilled lizards
  A goblin skeleton (D:4)
  A goblin zombie (D:4)
  2 hobgoblin zombies (D:4)
  6 kobolds
  A kobold zombie (D:4)
  A leopard gecko zombie (D:6)
  An orc skeleton (D:4)
  2 orc zombies (D:4)
  A quokka zombie (D:4)
  12 rats
  A spectral orc (D:6)
157 creatures vanquished.

Vanquished Creatures (others)
  3 fungi (D:5)
3 creatures vanquished.

Grand Total: 160 creatures vanquished

Notes
Turn   | Place    | Note
-------+----------+-------------------------------------------
     0 | Abyss:1  | Gargoyl the Gnoll Abyssal Knight began the quest for the
                  | Orb.
     0 | Abyss:1  | Reached XP level 1. HP: 23/23 MP: 3/3
   137 | Abyss:3  | Noticed a ynoxinul
   140 | D:1      | Escaped the Abyss
   174 | D:1      | Reached XP level 2. HP: 18/29 MP: 5/5
   437 | D:1      | Reached * piety under Lugonu
  1035 | D:1      | Reached XP level 3. HP: 35/35 MP: 6/6
  1738 | D:2      | Reached skill level 1 in Short Blades
  1738 | D:2      | Reached skill level 1 in Long Blades
  1738 | D:2      | Reached skill level 1 in Maces & Flails
  1738 | D:2      | Reached skill level 1 in Polearms
  1738 | D:2      | Reached skill level 1 in Staves
  1738 | D:2      | Reached skill level 1 in Slings
  1738 | D:2      | Reached skill level 1 in Bows
  1738 | D:2      | Reached skill level 1 in Crossbows
  1738 | D:2      | Reached skill level 1 in Throwing
  1738 | D:2      | Reached skill level 1 in Stealth
  1738 | D:2      | Reached skill level 1 in Shields
  1738 | D:2      | Reached skill level 1 in Unarmed Combat
  1738 | D:2      | Reached skill level 1 in Spellcasting
  1738 | D:2      | Reached skill level 1 in Evocations
  1755 | D:2      | Reached XP level 4. HP: 37/41 MP: 7/7
  2261 | D:3      | Reached ** piety under Lugonu
  2294 | D:3      | Reached skill level 1 in Conjurations
  2294 | D:3      | Reached skill level 1 in Hexes
  2294 | D:3      | Reached skill level 1 in Summonings
  2294 | D:3      | Reached skill level 1 in Necromancy
  2294 | D:3      | Reached skill level 1 in Translocations
  2294 | D:3      | Reached skill level 1 in Transmutations
  2294 | D:3      | Reached skill level 1 in Fire Magic
  2294 | D:3      | Reached skill level 1 in Ice Magic
  2294 | D:3      | Reached skill level 1 in Air Magic
  2294 | D:3      | Reached skill level 1 in Earth Magic
  2294 | D:3      | Reached skill level 1 in Poison Magic
  2294 | D:3      | Reached XP level 5. HP: 45/47 MP: 8/8
  2591 | D:3      | Noticed a moth of wrath
  2593 | D:3      | Noticed Terence
  2605 | D:3      | Killed Terence
  2629 | D:3      | Found a bloodstained altar of Trog.
  2777 | D:4      | Found Nepos's Antique Armour Shop.
  2795 | D:4      | Bought a pair of gloves for 108 gold pieces
  2808 | D:4      | Found a glowing golden altar of the Shining One.
  2820 | D:4      | Reached skill level 5 in Invocations
  2820 | D:4      | Reached XP level 6. HP: 53/53 MP: 9/9
  2836 | D:4      | Noticed Menkaure
  2841 | D:4      | Killed Menkaure
  2841 | D:4      | Reached skill level 5 in Axes
  2841 | D:4      | Reached skill level 5 in Armour
  2845 | D:4      | Reached *** piety under Lugonu
  3023 | D:4      | Reached XP level 7. HP: 52/59 MP: 10/10
  3219 | D:4      | Found a shimmering blue altar of Sif Muna.
  3317 | D:4      | Found a shimmering altar of Xom.
  3335 | D:4      | Reached skill level 7 in Fighting
  3392 | D:5      | Entered Level 5 of the Dungeon
  3588 | D:5      | Found a staircase to the Ecumenical Temple.
  3853 | D:5      | Noticed a steam dragon
  3855 | D:5      | Noticed a steam dragon
  3860 | D:5      | Killed a steam dragon
  3860 | D:5      | Reached XP level 8. HP: 61/67 MP: 12/12
  5087 | D:6      | Found a basalt altar of Yredelemnul.
  5288 | D:6      | Got a fine quarterstaff
  5289 | D:6      | Identified the cursed +1 quarterstaff "Zakhleoc" {protect,
                  | rElec MR+++ Dex-4} (You found it on level 6 of the Dungeon)
  5441 | D:7      | Reached XP level 9. HP: 69/72 MP: 14/14
  5493 | D:7      | Reached **** piety under Lugonu
  5644 | D:7      | Noticed Pikel
  5657 | D:7      | Killed Pikel
  5657 | D:7      | Reached skill level 5 in Dodging
  6143 | D:7      | Found a burning altar of Makhleb.
  6170 | D:8      | Noticed a manticore
  6486 | D:8      | Reached skill level 8 in Fighting
  6497 | D:7      | HP: 3/74 [manticore (18)]
  6499 | D:7      | HP: 1/74 [manticore (10)]
  6499 | D:7      | Slain by a manticore

Illustrated notes

Levels and vault maps discovered:
D:1:      dpeg_arrival_renting, layout_basic
D:2:      layout_basic
D:3:      layout_rooms, tgw_trog, item_on_display_a, uniq_terence
D:4:      layout_rooms, led_sif_pool, lemuel_round_altar,
          nicolae_tso_besieged_by_evil, serial_shops, shop,
          hangedman_feature_mirror, uniq_menkaure
D:5:      kennysheep_steamy, layout_basic, minmay_temple_entry_wispy
D:6:      layout_basic, yredelemnul_forgotten_temple_becter
D:7:      layout_rooms, lemuel_coloured_pillars_altar, uniq_pikel
D:8:      layout_rooms, lemuel_crystal_altar, lemuel_round_altar,
          nicolae_overflow_hidden_temple, basic_altar,
          gammafunk_ghost_abyssal_escape, enter_bailey_2, uniq_gastronok,
          uniq_erica

Skill      XL: |  1  2  3  4  5  6  7  8  9 |
---------------+----------------------------+-----
Short Blades   | 1 2 3 4 |  4.5
Long Blades    | 1 2 3 4 |  4.5
Maces & Flails | 1 2 3 4 |  4.5
Polearms       | 1 2 3 4 |  4.5
Staves         | 1 2 3 4 |  4.5
Slings         | 1 2 3 4 |  4.5
Bows           | 1 2 3 4 |  4.5
Crossbows      | 1 2 3 4 |  4.5
Throwing       | 1 2 3 4 |  4.5
Stealth        | 1 2 3 4 |  4.5
Shields        | 1 2 3 4 |  4.5
Unarmed Combat | 1 2 3 4 |  4.5
Spellcasting   | 1 2 3 4 |  4.5
Evocations     | 1 2 3 4 |  4.5
Conjurations   | 1 2 3 |  3.7
Hexes          | 1 2 3 |  3.7
Summonings     | 1 2 3 |  3.7
Necromancy     | 1 2 3 |  3.7
Translocations | 1 2 3 |  3.7
Transmutations | 1 2 3 |  3.7
Fire Magic     | 1 2 3 |  3.7
Ice Magic      | 1 2 3 |  3.7
Air Magic      | 1 2 3 |  3.7
Earth Magic    | 1 2 3 |  3.7
Poison Magic   | 1 2 3 |  3.7
Dodging        | 3 4 5 |  5.2
Invocations    | 5 6 |  6.8
Axes           | 5 6 |  6.5
Armour         | 5 6 |  6.5
Fighting       | 7 8 |  8.0

Action                   |  1- 3 |  4- 6 |  7- 9 || total
-------------------------+-------+-------+-------++-------
Melee: Double sword      |    67 |   120 |   195 ||   382
       Bite              |     6 |    15 |    19 ||    40
       Punch             |       |     2 |     4 ||     6
Throw: Dart              |       |     2 |     6 ||     8
Invok: Depart the Abyss  |     1 |       |       ||     1
  Use: Potion            |     2 |     1 |     5 ||     8
       Scroll            |     8 |     3 |     6 ||    17
Armor: Leather armour    |    12 |       |       ||    12
       Scale mail        |    20 |    90 |   163 ||   273
Dodge: Dodged            |    48 |   138 |   199 ||   385
       Rpst.: Double sword |    12 |    40 |    61 ||   113

Table legend: (Time is in decaauts)
 A = Elapsed time spent in this place.
 B = Non-inter-level travel time spent in this place.
 C = Inter-level travel time spent in this place.
 D = Time resting spent in this place.
 E = Time spent auto-exploring this place.
 F = Levels seen in this place.
 G = Mean time per level.
                   A        B        C        D        E       F      G
               +--------+--------+--------+--------+--------+-----+--------+
         Total |   6647 |   6346 |    301 |    692 |   4314 |  11 |  604.3 |
       Dungeon |   6508 |   6207 |    301 |    665 |   4230 |   8 |  813.5 |
         Abyss |    139 |    139 |      0 |     27 |     84 |   3 |   46.3 |
               +--------+--------+--------+--------+--------+-----+--------+

Top non-repeatable levels by time:
     D:1: 1213 daAuts
     D:7: 1171 daAuts
     D:5: 1122 daAuts
     D:2: 876 daAuts
     D:6: 854 daAuts
     D:4: 669 daAuts
     D:3: 578 daAuts
 Abyss:1: 100 daAuts
 Abyss:3: 29 daAuts
     D:8: 21 daAuts
 Abyss:2: 9 daAuts
